 Dungeon Crawl Stone Soup version 0.18-a0-1070-gd466a24 (webtiles) character file.

2380 M4edhros the Covert (level 9, -5/53 HPs)
             Began as an Octopode Artificer on Jan 14, 2016.
             Was a Follower of Pakellas.
             Slain by an iron imp (11 damage)
             ... summoned by Xom
             ... on level 5 of the Dungeon.
             The game lasted 00:19:51 (9858 turns).

M4edhros the Covert (Octopode Artificer)            Turns: 9858, Time: 00:19:52

Health: -5/53      AC:  1    Str:  9 (10) XL:     9   Next: 45%
Magic:  8/13       EV: 12    Int: 17      God:    Pakellas [*.....]
Gold:   271        SH:  0    Dex:  2 (11) Spells: 0 memorised, 8 levels left

rFire  + . .     SeeInvis .     E - +0 arbalest
rCold  x . .     Gourm    .     (shield currently unavailable)
rNeg   . . .     Faith    .     (helmet restricted)
rPois  .         Spirit   .     C - amulet of rage
rElec  .         Dismiss  .     A - ring of fire
rCorr  .         Reflect  .     (no ring)
SustAt .         Harm     .     (no ring)
MR     .....                    (no ring)
Stlth  +++++.....               (no ring)
                                (no ring)
                                (no ring)
                                (no ring)

@: about to teleport, flying, not resistant to hostile enchantments, quite
stealthy
A: almost no armour, amphibious, 8 rings, constrict 8, camouflage 1, clumsy 1,
deterioration 1, gelatinous body 1
a: Quick Charge, Renounce Religion, Evoke Berserk Rage


You were on level 5 of the Dungeon.
You worshipped Pakellas.
Pakellas was aware of your devotion.
You were not hungry.

You visited 2 branches of the dungeon, and saw 8 of its levels.

You collected 271 gold pieces.

Inventory:

Hand Weapons
 a - a +2 dagger of venom
 b - a +2 mace of protection
 n - a +0 hunting sling
 y - the +1 falchion "Hell-Harrower" {freeze, *Confuse +Inv rF++ Int+2}
   (You found it on level 5 of the Dungeon)

   It has been specially enchanted to freeze those struck by it, causing extra
   injury to most foes and up to half again as much damage against particularly
   susceptible opponents.
   It can also slow down cold-blooded creatures.
   It affects your intelligence (+2).
   It greatly protects you from fire.
   It lets you turn invisible.
   It may confuse you when you take damage.
 E - a +0 arbalest (weapon)
Missiles
 j - 35 sling bullets
 o - 191 stones
 x - 2 throwing nets
 D - 18 bolts of flame (quivered)
 F - 19 bolts
Jewellery
 A - a ring of fire (left tentacle)
 C - an amulet of rage (around mantle)
Wands
 c - a wand of enslavement (3/24)
 m - a wand of slowing (3/48)
 w - a wand of teleportation (0/9)
 H - a wand of cold (8/15)
Scrolls
 h - 3 scrolls of enchant weapon
 q - a scroll of noise
 r - 6 scrolls of remove curse
 u - 3 scrolls of recharging
 v - 3 scrolls of enchant armour {unknown}
 z - a scroll of blinking {unknown}
 G - a scroll of amnesia {unknown}
Potions
 e - a potion of might {unknown}
 k - 2 potions of brilliance {unknown}
 p - a potion of ambrosia {unknown}
 t - 2 potions of flight
 B - a potion of heal wounds {unknown}
 I - a potion of poison {unknown}
 J - a potion of berserk rage {unknown}
Books
 d - a Necronomicon

   Spells                             Type                      Level
   a - Haunt                          Necromancy/Summoning         7
   b - Borgnjor's Revivification      Necromancy                   8
   c - Death's Door                   Charms/Necromancy            8
   d - Necromutation                  Transmutation/Necromancy     8
Comestibles
 f - 6 bread rations
 g - 3 beef jerkies
 i - 2 chunks of flesh
 l - 2 meat rations
 s - 11 fruits


   Skills:
 - Level 1.0 Fighting
 - Level 1.0 Short Blades
 * Level 6.1 Slings
 * Level 7.0 Dodging
 * Level 9.4 Stealth
 + Level 6.4 Evocations


You had 8 spell levels left.
You didn't know any spells.

Dungeon Overview and Level Annotations

Branches:
Dungeon (7/15)             Temple (1/1) D:6

Altars:
Ashenzari
Cheibriados
Elyvilon
Gozag
Nemelex Xobeh
Pakellas
Ru
Sif Muna
Trog
Vehumet
Xom
Zin
The Shining One

Shops:
D:6 %

Annotations:
D:3 vliron's ghost, amateur KoAM


Innate Abilities, Weirdness & Mutations

You cannot wear most types of armour.
You are amphibious.
You can wear up to eight rings at the same time.
You can use your tentacles to constrict eight enemies at once.
Your skin changes colour to match your surroundings (Stealth).
Your rubbery body absorbs attacks (AC +1).
You are clumsy. (Dex -2)
Your body sometimes deteriorates upon taking damage.


Message History

The crimson imp spits at you. The crimson imp barely misses you.
The white imp hits you.
* * * LOW HITPOINT WARNING * * *
The white imp freezes you.
You feel a terrible chill!
* * * LOW HITPOINT WARNING * * *
The white imp gestures at you. The puff of frost misses you.
The puff of frost hits the quasit.
The quasit resists.
Unknown command.
Drink which item? (? for menu, Esc to quit)
It was a potion of flight.
You feel very buoyant.
You fly up into the air.
The quasit bites you.
* * * LOW HITPOINT WARNING * * *
You feel clumsy.
The quasit claws you but does no damage.
The quasit barely misses you. x2
The quasit claws you.
* * * LOW HITPOINT WARNING * * *
The quasit closely misses you.
The crimson imp blinks!
The iron imp hits you!
You die...

#....[[.## #....[###
##...[## ###...[.#
##....)[)##
#.....##))##
##55).####..##
#.555..###...#######
#55@55ยง.##..........
##.55##..5...........
#..55###..>..........
#....# #............#
###..# #....##.......
##..# #...####..##..
####..## #..##
#.####. #....## ##.##
#.# #. ##...## ##..#
#.# ##


You could see 4 iron imps, 2 quasits, 2 crimson imps, 3 white imps, a shadow imp
and 2 ufetubi.

Vanquished Creatures
  Grinder (D:5)
  3 centaurs
  Menkaure (D:5)
  Edmund (D:5)
  An ice beast (D:5)
  An orc priest (D:5)
  A phantom (D:4)
  3 ogres
  3 giant frogs (D:6)
  A crimson imp (D:6)
  A giant frog zombie (D:5)
  A jelly (D:5)
  A quasit (D:6)
  A hound (D:4)
  2 gnoll shamans (D:5)
  Jessica (D:3)
  2 iguanas
  Natasha (thrice) (D:3)
  Terence (D:2)
  A killer bee zombie (D:7)
  A hound zombie (D:5)
  2 worker ant zombies (D:6)
  Robin (D:3)
  4 gnolls (D:5)
  8 adders
  3 shadow imps
  An ooze (D:7)
  2 adder skeletons
  3 worms
  5 giant geckos
  11 orcs
  7 bats
  3 giant cockroaches
  12 hobgoblins
  13 jackals
  A quokka (D:6)
  A giant gecko skeleton (D:4)
  A giant gecko zombie (D:5)
  4 giant newts
  23 goblins
  2 jackal skeletons (D:5)
  7 kobolds
  7 rats
  A butterfly (D:6)
153 creatures vanquished.

Vanquished Creatures (collateral kills)
  Duvessa (D:6)
  Dowan (D:6)
  An orc wizard (D:5)
  An orc priest (D:5)
  A gnoll (D:5)
  An orc (D:5)
  A quokka skeleton (D:4)
7 creatures vanquished.

Vanquished Creatures (others)
  2 orc priests (D:5)
  5 gnolls (D:5)
7 creatures vanquished.

Grand Total: 167 creatures vanquished

Notes
Turn   | Place    | Note
--------------------------------------------------------------
     0 | D:1      | M4edhros the Octopode Artificer began the quest for the Orb.
     0 | D:1      | Reached XP level 1. HP: 13/13 MP: 3/3
   323 | D:1      | Reached XP level 2. HP: 15/18 MP: 4/4
   747 | D:1      | Reached XP level 3. HP: 11/23 MP: 5/5
  1660 | D:3      | Noticed Natasha
  1661 | D:3      | Killed Natasha
  1661 | D:3      | Reached XP level 4. HP: 24/28 MP: 6/6
  1681 | D:3      | Noticed vliron's ghost (amateur KoAM)
  1753 | D:3      | Noticed Jessica
  1756 | D:3      | Killed Jessica
  1756 | D:3      | Reached skill level 1 in Slings
  1835 | D:3      | Reached XP level 5. HP: 31/33 MP: 7/7
  1850 | D:3      | Reached skill level 4 in Stealth
  1858 | D:3      | Found an opulent altar of Gozag.
  2237 | D:4      | Noticed a centaur
  2473 | D:4      | Noticed an ogre
  2487 | D:4      | Killed an ogre
  2644 | D:4      | Reached XP level 6. HP: 36/38 MP: 9/9
  2685 | D:5      | Entered Level 5 of the Dungeon
  2719 | D:5      | Noticed an ice beast
  2724 | D:5      | Killed an ice beast
  2724 | D:5      | Reached skill level 5 in Stealth
  3003 | D:5      | Reached XP level 7. HP: 20/43 MP: 10/10
  3013 | D:5      | Got a translucent falchion
  3014 | D:5      | Identified the +1 falchion "Hell-Harrower" {freeze, *Confuse +Inv rF++ Int+2} (You found it on level 5 of the Dungeon)
  3633 | D:5      | Reached skill level 6 in Stealth
  4251 | D:5      | Noticed Edmund
  4294 | D:5      | Noticed Grinder
  4296 | D:5      | Noticed Menkaure
  4637 | D:6      | Noticed Duvessa
  4637 | D:6      | Noticed Dowan
  4689 | D:6      | Found Zadiacae's Food Shop.
  4724 | D:6      | Reached skill level 5 in Evocations
  4837 | D:6      | Reached skill level 5 in Dodging
  4902 | D:6      | Reached XP level 8. HP: 27/48 MP: 11/11
  5043 | D:6      | Reached skill level 7 in Stealth
  5127 | D:6      | Killed Dowan
  5137 | D:6      | Killed Duvessa
  6076 | D:6      | Killed a centaur
  6391 | D:6      | Noticed a troll
  6567 | D:6      | Found a staircase to the Ecumenical Temple.
  6584 | Temple   | Entered the Ecumenical Temple
  6595 | Temple   | Became a worshipper of Xom of Chaos
  6600 | Temple   | XOM: divination: detect creatures
  6641 | Temple   | Fell from the grace of Xom
  6641 | Temple   | Became a worshipper of Pakellas the Inventive
  6723 | D:4      | Reached skill level 8 in Stealth
  6891 | D:4      | XOM: summons 4 hostile shadow creatures
  6913 | D:3      | Noticed Natasha
  6923 | D:3      | HP: 1/48 [vliron's ghost (7)]
  7177 | D:2      | Noticed Terence
  7182 | D:2      | Killed Terence
  7307 | D:2      | XOM: give mutations
  7307 | D:2      | Gained mutation: You are frail (-10% HP). [Xom's mischief]
  7307 | D:2      | Gained mutation: Your body sometimes deteriorates upon taking damage. [Xom's mischief]
  7307 | D:2      | Lost mutation: You are frail (-10% HP). [Xom's mischief]
  7307 | D:2      | Gained mutation: You are clumsy. (Dex -2) [Xom's mischief]
  7463 | D:2      | Found a white marble altar of Elyvilon.
  7714 | D:3      | Killed Natasha
  8326 | D:3      | Noticed Natasha
  8333 | D:3      | Killed Natasha
  8333 | D:3      | Reached skill level 5 in Slings
  8364 | D:3      | Noticed Robin
  8397 | D:3      | Killed Robin
  8403 | D:3      | Reached * piety under Pakellas
  8501 | D:3      | XOM: polymorph goblin -> iguana
  8840 | D:6      | Reached XP level 9. HP: 47/53 MP: 13/13
  8960 | D:6      | XOM: noise
  9377 | D:5      | Killed Edmund
  9680 | D:5      | Killed Grinder
  9680 | D:5      | Reached skill level 9 in Stealth
  9777 | D:5      | Killed Menkaure
  9853 | D:5      | XOM: summons 14 hostile demons
  9858 | D:5      | Slain by an iron imp

Vault maps used:
D:1:      dpeg_arrival_brainrot, bh_walls_and_bars
D:2:      marbit_many_paths, first_bread, uniq_terence
D:3:      kennysheep_goblin_castle, nicolae_gozag_seed_capital, uniq_natasha,
          uniq_jessica
D:5:      uniq_edmund, uniq_grinder, uniq_menkaure
D:6:      minmay_temple_entry_butterflies, serial_shops, shop_fountains,
          uniq_duvessa
D:7:      hangedman_abyss_or_decor_stabs, grunt_ogre_cave,
          minmay_misc_feat_encased
Temple:   temple_eino_lava_12

Action                   |  1- 3 |  4- 6 |  7- 9 || total
-------------------------+-------+-------+-------++-------
Melee: Short sword       |    73 |    65 |    89 ||   227
       Falchion          |       |       |    17 ||    17
       Mace              |       |       |   156 ||   156
       Dagger            |       |       |    21 ||    21
       Arbalest          |       |       |     2 ||     2
 Fire: Hunting sling     |       |       |    11 ||    11
       Arbalest          |       |       |     5 ||     5
Invok: Quick Charge      |       |       |     2 ||     2
 Abil: Evoke Berserk Rag |       |       |     1 ||     1
Evoke: Wand              |     1 |    13 |    39 ||    53
  Use: Scroll            |     1 |       |     6 ||     7
       Potion            |       |       |     4 ||     4
 Stab: Sleeping          |     8 |     4 |    19 ||    31
       Distracted        |     1 |       |     2 ||     3
       Paralysed         |       |     2 |       ||     2
  Eat: Chunk             |     2 |     4 |    17 ||    23
       Meat ration       |       |       |     1 ||     1
       Pizza             |       |       |     1 ||     1
